 Dungeon Crawl Stone Soup version 0.29-a0-378-gc08b2e8bf8 (webtiles) character file.

Game seed: 8518758729585169758

103 Grim the Cudgeller (level 4, -2/44 HPs)
             Began as an Ogre Gladiator on May 5, 2022.
             Slain by a gnoll
             ... wielding a +0 spear
              (5 damage)
             ... on level 3 of the Dungeon.
             The game lasted 00:03:03 (2710 turns).

Grim the Cudgeller (Ogre Gladiator)                 Turns: 2710, Time: 00:03:03

Health: -2/44      AC:  3    Str: 18    XL:     4   Next: 79%
Magic:  4/4        EV: 10    Int: 11    God:
Gold:   105        SH:  0    Dex: 10    Spells: 3/3 levels left

rFire   . . .      SeeInvis .   a - +0 flail
rCold   . . .      Faith    .   (no shield)
rNeg    . . .      Spirit   .   b - +0 robe
rPois   .          Reflect  .   c - +0 hat
rElec   .          Harm     .   (no cloak)
rCorr   .          Rampage  .   (gloves unavailable)
Will    .....                   (boots unavailable)
Stlth   +.........              (no amulet)
HPRegen 0.14/turn               (no ring)
MPRegen 0.09/turn               (no ring)

@: confused, lethally poisoned (-2 -> -10), ambrosia-drunk
A: large, unfitting armour, tough skin 1
a: no special abilities


You were on level 3 of the Dungeon.
You visited 1 branch of the dungeon, and saw 3 of its levels.

You collected 105 gold pieces.

Inventory:

Hand Weapons
 a - a +0 flail (weapon)
Missiles
 d - 4 throwing nets (quivered)
 e - a large rock
 l - 3 javelins
Armour
 b - a +0 robe (worn)
 c - a +0 hat (worn)
Jewellery
 i - a ring of positive energy
Scrolls
 f - 2 scrolls of amnesia {unknown}
 g - a scroll of teleportation {unknown}
 h - 3 scrolls of identify {unknown}
 j - a scroll of magic mapping {unknown}


   Skills:
 - Level 2.6 Fighting
 + Level 4.9 Maces & Flails
 - Level 2.0 Throwing
 - Level 2.6 Dodging


You had 3 spell levels left.
You didn't know any spells.
Your spell library contained the following spells:

 Spells                   Type           Power      Damage    Failure   Level
 Shock                    Conj/Air       0%         1d3       34%         1
 Slow                     Hex            0%         N/A       34%         1
 Confusing Touch          Hex            0%         N/A       71%         3
 Ignite Poison            Fire/Tmut/Pois 0%         N/A       71%         3
 Mephitic Cloud           Conj/Pois/Air  0%         N/A       71%         3
 Swiftness                Air            0%         N/A       71%         3
 Vampiric Draining        Necr           0%         2d6       71%         3
 Airstrike                Air            0%         N/A       98%         4
 Fireball                 Conj/Fire      0%         3d3       100%        5
 Freezing Cloud           Conj/Ice/Air   0%         6-21      100%        5
 Starburst                Conj/Fire      0%         6d3       100%        6
 Ignition                 Fire           0%         3d3       100%        8


Dungeon Overview and Level Annotations

Branches:
Dungeon (3/15)

Altars:

Shops:
D:1 (


Innate Abilities, Weirdness & Mutations

You are too large for most types of armour.
You have tough skin. (AC +1)


Message History

The gnoll shouts!
The gnoll moves out of view.
A gnoll comes into view. It is wielding a +0 flail.
There are monsters nearby!
A gnoll comes into view. It is wielding a +2 halberd of venom.
The gnoll shouts!
The gnoll closely misses you.
A giant cockroach comes into view.
The gnoll closely misses you.
You hit the gnoll but do no damage.
The gnoll hits you from afar with a +2 halberd of venom!
You are poisoned.
The gnoll hits you with a +0 spear. The gnoll barely misses you.
The gnoll hits you with a +0 spear.
* * * LOW HITPOINT WARNING * * *
You hit the gnoll.
The gnoll is moderately wounded.
You feel very sick.
The gnoll hits you from afar with a +2 halberd of venom.
* * * LOW HITPOINT WARNING * * *
You are lethally poisoned!
The gnoll hits you with a +0 spear.
* * * LOW HITPOINT WARNING * * *
The gnoll attacks as you move away! The gnoll barely misses you.
* * * LOW HITPOINT WARNING * * *
You feel very sick.
The gnoll hits you from afar with a +0 spear!
* * * LOW HITPOINT WARNING * * *
It was a potion of ambrosia.
You are confused.
You feel invigorated.
* * * LOW HITPOINT WARNING * * *
You feel very sick.
The gnoll hits you from afar with a +0 spear.
* * * LOW HITPOINT WARNING * * *
You bump into the rock wall.
* * * LOW HITPOINT WARNING * * *
You feel very sick.
The gnoll hits you from afar with a +0 spear.
You die...

##.#.........).).#
........##.###...###
.#.#.......#.......#
.#.#########.##.##.####
...# #. #.##....# <###
# #.......# ..# ###
####....# ...#
.....#####.#.## ....#
....ggg.@..#.# ......
....B####.......#
....### ... #.##.##.#
..... . #.# .# ..####
#.# # #.# #.# #..


You could see 3 gnolls and a giant cockroach.

Vanquished Creatures
  4 gnolls
  An adder (D:2)
  A worm (D:3)
  An endoplasm (D:2)
  8 giant cockroaches
  7 goblins
  3 hobgoblins
  4 quokkas
  6 ball pythons
  6 bats
  4 frilled lizards
  3 kobolds
  3 rats
51 creatures vanquished.

Notes
Turn   | Place    | Note
-------+----------+-------------------------------------------
     0 | D:1      | Grim the Ogre Gladiator began the quest for the Orb.
     0 | D:1      | Reached XP level 1. HP: 22/22 MP: 1/1
    74 | D:1      | Found Sitoschae's Antique Weapon Shoppe.
    86 | D:1      | Reached skill level 3 in Maces & Flails
   268 | D:1      | Reached XP level 2. HP: 29/29 MP: 2/2
   427 | D:1      | Found a faded altar of an unknown god.
   935 | D:1      | Reached XP level 3. HP: 36/36 MP: 3/3
  1111 | D:2      | Reached skill level 4 in Maces & Flails
  1146 | D:1      | Reached XP level 4. HP: 5/44 MP: 4/4
  2708 | D:3      | HP: 1/44 [gnoll/+0 spear (10)]
  2710 | D:3      | Slain by a gnoll

Illustrated notes

Levels and vault maps discovered:
D:1:      kennysheep_arrival_forest, layout_basic,
          hellmonk_ecumenical_altar_heavens_door, serial_shops,
          nicolae_shop_advertising_works [nicolae_subvault_shop_adworks]
D:2:      layout_loops_ring, minmay_goblin_outpost
D:3:      layout_loops_cross, amcnicky_altar_gilded

Skill      XL: |  1  2  3 |
---------------+----------+-----
Maces & Flails | 3 4 |  4.9
Fighting       | |  2.6
Throwing       | |  2.0
Dodging        | |  2.6

Action                   |  1- 3 |  4- 6 || total
-------------------------+-------+-------++-------
Melee: Flail             |    95 |    73 ||   168
Throw: Throwing net      |     1 |       ||     1
  Use: Potion            |       |     1 ||     1
 Stab: Held in net/web   |     1 |       ||     1
Armor: Robe              |    39 |    26 ||    65
Dodge: Dodged            |    57 |    41 ||    98

Table legend: (Time is in decaauts)
 A = Elapsed time spent in this place.
 B = Non-inter-level travel time spent in this place.
 C = Inter-level travel time spent in this place.
 D = Time resting spent in this place.
 E = Time spent auto-exploring this place.
 F = Levels seen in this place.
 G = Mean time per level.
                   A        B        C        D        E       F      G
               +--------+--------+--------+--------+--------+-----+--------+
         Total |   2744 |   2650 |     94 |    700 |   1553 |   3 |  914.7 |
       Dungeon |   2744 |   2650 |     94 |    700 |   1553 |   3 |  914.7 |
               +--------+--------+--------+--------+--------+-----+--------+

Top non-repeatable levels by time:
     D:1: 1363 daAuts
     D:2: 1235 daAuts
     D:3: 145 daAuts
